 Dungeon Crawl Stone Soup version 0.25.0-9-g26727b657a (webtiles) character file.

Game seed: 18382356520490131886

65 grindst0ne the Ducker (level 3, -5/20 HPs)
             Began as a Deep Elf Chaos Knight on June 19, 2020.
             Was a Plaything of Xom.
             Slain by an unseen horror (shapeshifter) (7 damage)
             ... on level 2 of the Dungeon.
             The game lasted 00:03:38 (1566 turns).

grindst0ne the Ducker (Deep Elf Chaos Knight)       Turns: 1566, Time: 00:03:38

Health: -5/20      AC:  5    Str:  9      XL:     3   Next: 94%
Magic:  9/9        EV: 11    Int: 16 (17) God:    Xom [*.....]
Gold:   23         SH:  0    Dex: 12      Spells: 7/7 levels left

rFire    . . .     SeeInvis .   b - +0 hunting sling
rCold    . . .     Gourm    .   (no shield)
rNeg     . . .     Faith    .   h - +0 ring mail
rPois    .         Spirit   .   (no helmet)
rElec    .         Reflect  .   (no cloak)
rCorr    .         Harm     .   (no gloves)
MR       .....                  (no boots)
Stlth    +.........             (no amulet)
HPRegen  0.06/turn              (no ring)
MPRegen  0.11/turn              (no ring)

@: no status effects
A: clumsy 1, deterioration 1, frail 1, subdued magic 1
a: Renounce Religion


You were on level 2 of the Dungeon.
You worshipped Xom.
You were a special plaything of Xom.
You were not hungry.

You visited 1 branch of the dungeon, and saw 2 of its levels.

You collected 23 gold pieces.

Inventory:

Hand Weapons
 a - a +0 short sword of chaos
 b - a +0 hunting sling (weapon)
Missiles
 e - 40 stones (quivered)
Armour
 h - a +0 ring mail (worn)
 n - a +2 leather armour
Scrolls
 k - a scroll of enchant armour {unknown}
Potions
 d - 2 potions of brilliance {unknown}
 f - a potion of curing {unknown}
 i - a potion of ambrosia {unknown}
 j - a potion of flight {unknown}
 l - a potion of might {unknown}
Comestibles
 c - 4 rations
 m - 3 chunks of flesh


   Skills:
 + Level 3.0 Fighting
 - Level 3.0 Short Blades
 - Level 0.7 Armour
 + Level 3.4 Dodging
 * Level 2.9 Spellcasting


You had 7 spell levels left.
You didn't know any spells.
Your spell library was empty.

Dungeon Overview and Level Annotations

Branches:
Dungeon (2/15)

Altars:

Annotations:
D:1 exclusion: downstairs


Innate Abilities, Weirdness & Mutations

You are clumsy. (Dex -2)
Your body sometimes deteriorates upon taking damage.
You are frail. (-10% HP)
Your spells are a little easier to cast, but a little less powerful.


Message History

A bat and an ooze come into view.
There is a stone staircase leading down here.
The hobgoblin hits you but does no damage.
Found 9 gold pieces.
You hit the hobgoblin.
The hobgoblin changes into a shapeshifter!
The shapeshifter is moderately wounded.
The shapeshifter changes into something you cannot see!
Deactivating autopickup; reactivate with Ctrl-A.
You hit something but do no damage. Something hits you. Something hits you. x2
There is a stone staircase leading down, spattered with blood here.
b - a +0 hunting sling (weapon)
Something hits you.
* * * LOW HITPOINT WARNING * * *
Your body deteriorates!
You feel dopey. Something hits you.
* * * LOW HITPOINT WARNING * * *
Something hits you!
You die...

#..# ### ###..# ..#
#....# #.# #.##.#
#.# #.##J# #.#
#.##.# #.#########
#.##b#
..........####.##{#
#<#####.#.......@.#
#)# #...#########
#.######.##
#........#
##########


You could see an ooze and a bat.

Vanquished Creatures
  Jessica (D:2)
  3 dart slugs (D:1)
  2 giant cockroaches (D:1)
  3 goblins
  6 hobgoblins
  5 bats (D:1)
  6 frilled lizards
  2 kobolds (D:1)
  4 rats
32 creatures vanquished.

Vanquished Creatures (collateral kills)
  A dart slug (D:1)
  A giant cockroach (D:1)
2 creatures vanquished.

Grand Total: 34 creatures vanquished

Notes
Turn   | Place    | Note
-------+----------+-------------------------------------------
     0 | D:1      | grindst0ne the Deep Elf Chaos Knight began the quest for
                  | the Orb.
     0 | D:1      | Reached XP level 1. HP: 13/13 MP: 3/3
    58 | D:1      | XOM: silly message
   294 | D:1      | XOM: cast spell 'Call Canine Familiar'
   297 | D:1      | Reached skill level 1 in Spellcasting
   307 | D:1      | Reached XP level 2. HP: 18/18 MP: 5/5
   536 | D:1      | XOM: confusion
   950 | D:1      | Reached XP level 3. HP: 19/22 MP: 6/8
  1281 | D:2      | Noticed Jessica
  1320 | D:1      | XOM: give mutations
  1320 | D:1      | Gained mutation: You are frail. (-10% HP) [Xom's mischief]
  1320 | D:1      | Gained mutation: Your spells are a little easier to cast,
                  | but a little less powerful. [Xom's mischief]
  1320 | D:1      | Gained mutation: Your body sometimes deteriorates upon
                  | taking damage. [Xom's mischief]
  1320 | D:1      | Gained mutation: You are clumsy. (Dex -2) [Xom's mischief]
  1464 | D:1      | XOM: stat loss: -1 Int (16/17)
  1470 | D:2      | Killed Jessica
  1561 | D:2      | Noticed a shapeshifter
  1561 | D:2      | a hobgoblin changed into a shapeshifter
  1561 | D:2      | a shapeshifter changed into something unseen
  1566 | D:2      | Slain by an unseen horror (shapeshifter)

Illustrated notes

Levels and vault maps discovered:
D:1:      dpeg_arrival_three_same_balls, layout_basic,
          corexii_item_surrounded_by_moat, minmay_misc_feat_chi,
          patterned_corridor
D:2:      minmay_roachtagon, layout_loops_ring, tgw_fedhas, first_ration,
          uniq_jessica

Skill      XL: |  1  2  3 |
---------------+----------+-----
Spellcasting   | 1 2 |  2.9
Dodging        | 3 |  3.4
Fighting       | 3 |  3.0
Short Blades   | |  3.0
Armour         | |  0.7

Action                   || total
-------------------------++-------
Melee: Short sword       ||    97
Throw: Stone             ||    40
  Use: Scroll            ||     1
  Eat: Chunk             ||     2
Armor: Leather armour    ||     7
       Ring mail         ||    25
Dodge: Dodged            ||    65
